[Event "FIDE World Senior-50 CC 2023"]
[Site "Terrasini"]
[Date "2023.10.29"]
[Round "5.9"]
[White "Lima, Darcy"]
[Black "Dieu, Bruno"]
[Result "1-0"]
[ECO "D30"]
[WhiteElo "2416"]
[BlackElo "2221"]
[Annotator "ChessBase"]
[PlyCount "121"]
[EventDate "2023.10.22"]
[EventType "swiss"]
[EventCountry "ITA"]
[SourceTitle "playchess.com"]
[Source "ChessBase"]
[SourceQuality "1"]
[TimeControl "40/5400+30:1800+30"]

1. c4 e6 2. g3 d5 3. Bg2 c5 4. Nf3 Nc6 5. O-O Nf6 6. b3 Be7 7. cxd5 exd5 8. d4 O-O 9. Bb2 Ne4 10. Nc3 Nxc3 11. Bxc3 Re8 12. Qd2 cxd4 13. Nxd4 Bf6 14. e3 Bg4 15. h3 Be6 16. Nxc6 bxc6 17. Bxf6 Qxf6 18. Rac1 Bf5 19. Qc3 Qxc3 20. Rxc3 Bd7 21. Rd1 f5 22. Rd4 Kf8 23. Rc5 Ke7 24. Ra5 Reb8 25. g4 g6 26. g5 Be6 27. Rh4 Bg8 28. Rha4 Rb7 29. Kf1 Kd6 30. Ke2 Be6 31. Kd2 Bc8 32. Rd4 Be6 33. Rda4 Bc8 34. h4 Re7 35. h5 a6 36. Rh4 Bb7 37. hxg6 hxg6 38. Rh6 Rg8 39. b4 Kc7 40. Rc5 Kb6 41. a4 a5 42. Rxa5 f4 43. Rc5 fxe3+ 44. fxe3 Rf8 45. a5+ Ka7 46. Rc2 Bc8 47. Bh3 Ba6 48. Rxg6 Bc4 49. Rxc6 Rf3 50. Be6 Rh7 51. g6 Rh2+ 52. Kc1 Rh1+ 53. Kb2 Rxe3 54. R6xc4 dxc4 55. Bxc4 Rg1 56. Bf7 Ka6 57. Rc3 Re5 58. Bc4+ Kb7 59. Bd3 Rg4 60. Kb3 Rd5 61. Be2 1-0

[Event "FIDE World Senior-50 CC 2023"]
[Site "Terrasini"]
[Date "2023.10.29"]
[Round "5.10"]
[White "Mrva, Martin"]
[Black "Mussanti, Diego"]
[Result "1/2-1/2"]
[ECO "B80"]
[WhiteElo "2366"]
[BlackElo "2183"]
[Annotator "ChessBase"]
[PlyCount "95"]
[EventDate "2023.10.22"]
[EventType "swiss"]
[EventCountry "ITA"]
[SourceTitle "playchess.com"]
[Source "ChessBase"]
[SourceQuality "1"]
[TimeControl "40/5400+30:1800+30"]

1. e4 c5 2. Nf3 e6 3. d4 cxd4 4. Nxd4 Nc6 5. Nc3 d6 6. Be3 Nf6 7. f3 Be7 8. Qd2 a6 9. g4 O-O 10. O-O-O Nxd4 11. Bxd4 b5 12. g5 Nd7 13. h4 b4 14. Na4 Qa5 15. b3 Nc5 16. Nxc5 dxc5 17. Bb2 Rd8 18. Qf4 Rxd1+ 19. Kxd1 Qxa2 20. Kc1 Qa5 21. Bc4 Bd7 22. Qe5 Bf8 23. g6 Re8 24. Rd1 f6 25. Qh5 hxg6 26. Qxg6 Qc7 27. e5 f5 28. h5 Re7 29. Qxf5 Qc8 30. Qd3 Bb5 31. Bxb5 axb5 32. Qxb5 Rf7 33. Rg1 Qa8 34. h6 Qxf3 35. Kb1 Qe3 36. Rh1 Qf3 37. Rc1 gxh6 38. Rg1+ Kh7 39. Bc1 Qf5 40. Qe8 Bg7 41. Bb2 c4 42. Qa4 cxb3 43. Qxb3 Bxe5 44. Bxe5 Qxe5 45. Qd3+ Qf5 46. Qg3 Qg5 47. Qd3+ Qf5 48. Qg3 1/2-1/2

[Event "FIDE World Senior-50 CC 2023"]
[Site "Terrasini"]
[Date "2023.10.29"]
[Round "5.11"]
[White "Nadanian, Ashot"]
[Black "Godena, Michele"]
[Result "0-1"]
[ECO "D02"]
[WhiteElo "2279"]
[BlackElo "2441"]
[Annotator "ChessBase"]
[PlyCount "82"]
[EventDate "2023.10.22"]
[EventType "swiss"]
[EventCountry "ITA"]
[SourceTitle "playchess.com"]
[Source "ChessBase"]
[SourceQuality "1"]
[TimeControl "40/5400+30:1800+30"]

1. d4 d5 2. Nf3 Nf6 3. Bf4 e6 4. e3 Bd6 5. Nbd2 O-O 6. Ne5 c5 7. c3 c4 8. h4 Qc7 9. h5 Nfd7 10. h6 g6 11. Nxd7 Nxd7 12. Bxd6 Qxd6 13. f4 b5 14. a3 a5 15. Be2 Bb7 16. O-O Rfb8 17. Qe1 b4 18. axb4 axb4 19. Qh4 Bc6 20. Nf3 Rxa1 21. Rxa1 bxc3 22. bxc3 f6 23. Ra6 Ra8 24. Rxa8+ Bxa8 25. Ne5 fxe5 26. Qd8+ Kf7 27. f5 exf5 28. Qxa8 exd4 29. exd4 Nf6 30. Bf3 g5 31. Qb7+ Ke6 32. Qc8+ Qd7 33. Qh8 g4 34. Bd1 Qe8 35. Qg7 Qg8 36. Qc7 Qg5 37. Ba4 Qc1+ 38. Kh2 Qxh6+ 39. Kg1 Qe3+ 40. Kf1 Qc1+ 41. Ke2 Qb2+ 0-1

[Event "FIDE World Senior-50 CC 2023"]
[Site "Terrasini"]
[Date "2023.10.29"]
[Round "5.12"]
[White "Matamoros Franco, Carlos S."]
[Black "Jhunjhnuwala, Krishan"]
[Result "1-0"]
[ECO "A37"]
[WhiteElo "2455"]
[BlackElo "2268"]
[Annotator "ChessBase"]
[PlyCount "97"]
[EventDate "2023.10.22"]
[EventType "swiss"]
[EventCountry "ITA"]
[SourceTitle "playchess.com"]
[Source "ChessBase"]
[SourceQuality "1"]
[TimeControl "40/5400+30:1800+30"]

1. c4 c5 2. g3 g6 3. Bg2 Bg7 4. Nc3 Nc6 5. Nf3 e5 6. a3 a5 7. d3 Nge7 8. Nd2 O-O 9. Nf1 d6 10. Ne3 Be6 11. Ned5 Rb8 12. O-O Qd7 13. Rb1 b6 14. Qa4 Bh3 15. Nxe7+ Nxe7 16. Qxd7 Bxd7 17. b4 axb4 18. axb4 Bc6 19. Bd2 Bxg2 20. Kxg2 f5 21. Bg5 Nc6 22. Nd5 Rfe8 23. b5 Nd4 24. Ra1 h6 25. Be7 Rb7 26. Ra6 Rexe7 27. Nxe7+ Rxe7 28. Rxb6 Nxe2 29. Rb8+ Kf7 30. b6 Nd4 31. b7 Nc6 32. Rc8 Rxb7 33. Rxc6 Bf8 34. Ra1 h5 35. Rca6 Be7 36. Ra7 Rb2 37. R1a2 Rb3 38. R2a3 Rb2 39. h4 Ke6 40. Rc7 f4 41. Ra8 fxg3 42. Kxg3 Bf6 43. Re8+ Kf5 44. Rf7 d5 45. cxd5 Rb6 46. Rc8 g5 47. Rc6 gxh4+ 48. Kh3 Rxc6 49. dxc6 1-0

[Event "FIDE World Senior-50 CC 2023"]
[Site "Terrasini"]
[Date "2023.10.29"]
[Round "5.13"]
[White "Mohr, Georg"]
[Black "Plotkin, Victor"]
[Result "1/2-1/2"]
[ECO "C26"]
[WhiteElo "2430"]
[BlackElo "2229"]
[Annotator "ChessBase"]
[PlyCount "141"]
[EventDate "2023.10.22"]
[EventType "swiss"]
[EventCountry "ITA"]
[SourceTitle "playchess.com"]
[Source "ChessBase"]
[SourceQuality "1"]
[TimeControl "40/5400+30:1800+30"]

1. e4 e5 2. Nf3 Nf6 3. Nc3 Nc6 4. g3 Bc5 5. Bg2 d6 6. d3 a6 7. O-O Be6 8. h3 h6 9. Be3 O-O 10. d4 exd4 11. Nxd4 Nxd4 12. Bxd4 Bxd4 13. Qxd4 c5 14. Qe3 Qb6 15. b3 Rad8 16. Rfd1 Rfe8 17. g4 Qa5 18. Qg3 b5 19. a3 Bc8 20. Nd5 Nxd5 21. Rxd5 Bb7 22. Rxd6 Bxe4 23. Rxd8 Qxd8 24. Bxe4 Rxe4 25. Qf3 Qd5 26. Kg2 Rd4 27. Re1 Kf8 28. Re3 Qxf3+ 29. Kxf3 c4 30. Re4 Rd2 31. Re2 Rd1 32. bxc4 bxc4 33. Re3 g5 34. Ke2 Rd4 35. f3 Rd5 36. a4 Kg7 37. Rc3 Rd4 38. Ke3 Rf4 39. a5 Kf6 40. Ra3 Ke5 41. Ra4 Kd5 42. c3 Rf6 43. Rb4 Kc5 44. Rb7 Re6+ 45. Kd2 Rd6+ 46. Ke2 Rd3 47. Rb6 Rxc3 48. Rxa6 Ra3 49. Rxh6 Rxa5 50. h4 gxh4 51. Rxh4 Kd4 52. g5+ Kc3 53. Rf4 Re5+ 54. Kd1 Rd5+ 55. Ke2 Rd7 56. Rf6 Kb2 57. Rb6+ Kc2 58. g6 fxg6 59. Rxg6 Re7+ 60. Kf2 c3 61. f4 Rb7 62. Kf3 Kb2 63. Ke4 c2 64. Rc6 c1=Q 65. Rxc1 Kxc1 66. f5 Kd2 67. f6 Kc3 68. Kd5 Rb6 69. Ke5 Kc4 70. f7 Rb8 71. Ke6 1/2-1/2

[Event "FIDE World Senior-50 CC 2023"]
[Site "Terrasini"]
[Date "2023.10.29"]
[Round "5.14"]
[White "Milat, Marcel"]
[Black "Seul, Georg"]
[Result "1/2-1/2"]
[ECO "A62"]
[WhiteElo "2207"]
[BlackElo "2383"]
[Annotator "ChessBase"]
[PlyCount "61"]
[EventDate "2023.10.22"]
[EventType "swiss"]
[EventCountry "ITA"]
[SourceTitle "playchess.com"]
[Source "ChessBase"]
[SourceQuality "1"]
[TimeControl "40/5400+30:1800+30"]

1. d4 Nf6 2. c4 e6 3. g3 c5 4. d5 exd5 5. cxd5 d6 6. Nc3 g6 7. Bg2 Bg7 8. Nf3 O-O 9. O-O Re8 10. Bf4 a6 11. a3 h6 12. Re1 g5 13. Bd2 Bf5 14. h4 g4 15. Nh2 Bg6 16. e4 h5 17. Bf4 Qb6 18. Rc1 Nbd7 19. Na4 Qc7 20. b4 c4 21. e5 dxe5 22. d6 Qd8 23. Be3 e4 24. Nf1 Re5 25. Bd4 Rd5 26. Ne3 Rxd6 27. Nxc4 Rxd4 28. Qxd4 b5 29. Ncb6 Nxb6 30. Qxd8+ Rxd8 31. Nxb6 1/2-1/2

[Event "FIDE World Senior-50 CC 2023"]
[Site "Terrasini"]
[Date "2023.10.29"]
[Round "5.15"]
[White "Melikhov, Evgeny V."]
[Black "Vinter-Schou, Uffe"]
[Result "0-1"]
[ECO "A61"]
[WhiteElo "2189"]
[BlackElo "2345"]
[Annotator "ChessBase"]
[PlyCount "74"]
[EventDate "2023.10.22"]
[EventType "swiss"]
[EventCountry "ITA"]
[SourceTitle "playchess.com"]
[Source "ChessBase"]
[SourceQuality "1"]
[TimeControl "40/5400+30:1800+30"]

1. d4 Nf6 2. c4 c5 3. d5 e6 4. Nc3 exd5 5. cxd5 d6 6. Nf3 g6 7. h3 a6 8. a4 Qe7 9. Bg5 Bg7 10. e3 O-O 11. Be2 Nbd7 12. O-O h6 13. Bh4 g5 14. Bg3 Ne8 15. Re1 f5 16. Nd2 f4 17. exf4 gxf4 18. Bg4 Ne5 19. Bxc8 Rxc8 20. Bh2 Rf5 21. g3 fxg3 22. Bxg3 Qf7 23. Qe2 Nf6 24. Nce4 Nxe4 25. Qxe4 Rf8 26. Re2 h5 27. Kg2 h4 28. Qxh4 Qxd5+ 29. Qe4 Qf7 30. Rae1 b5 31. b3 Bh6 32. Qc2 Bxd2 33. Rxd2 Nf3 34. Red1 Qb7 35. Rd5 Nd4 36. Qe4 Qxd5 37. Rxd4 cxd4 0-1

[Event "FIDE World Senior-50 CC 2023"]
[Site "Terrasini"]
[Date "2023.10.29"]
[Round "5.16"]
[White "Cummings, David H."]
[Black "Nikolaidis, Konstantinos"]
[Result "1/2-1/2"]
[ECO "A13"]
[WhiteElo "2325"]
[BlackElo "2096"]
[Annotator "ChessBase"]
[PlyCount "81"]
[EventDate "2023.10.22"]
[EventType "swiss"]
[EventCountry "ITA"]
[SourceTitle "playchess.com"]
[Source "ChessBase"]
[SourceQuality "1"]
[TimeControl "40/5400+30:1800+30"]

1. Nf3 Nf6 2. c4 e6 3. Nc3 d5 4. e3 Be7 5. b3 O-O 6. Bb2 c5 7. cxd5 exd5 8. d4 b6 9. Rc1 Bb7 10. Be2 Nbd7 11. O-O Bd6 12. Nb5 Bb8 13. Ne5 a6 14. Nxd7 Qxd7 15. Nc3 Qd6 16. g3 Bc6 17. Bf3 Rd8 18. Ba3 Ba7 19. Ne2 Bb5 20. Re1 Rac8 21. Nf4 Qd7 22. Bg2 Rc7 23. Bh3 Qe8 24. dxc5 bxc5 25. Bb2 Ne4 26. Nxd5 Rc6 27. Bg2 f5 28. f3 Ng5 29. e4 Rcd6 30. h4 Ne6 31. Qc2 Bd3 32. Qd2 Qf7 33. Kh2 Bb5 34. Rcd1 Bc6 35. Qc2 f4 36. g4 Nd4 37. Bxd4 cxd4 38. Nb4 Bb5 39. Nd3 Rh6 40. Qf2 Qe7 41. e5 1/2-1/2

[Event "FIDE World Senior-50 CC 2023"]
[Site "Terrasini"]
[Date "2023.10.29"]
[Round "5.17"]
[White "Fayard, Alain"]
[Black "Cabe, Arlan"]
[Result "1/2-1/2"]
[ECO "D90"]
[WhiteElo "2158"]
[BlackElo "2303"]
[Annotator "ChessBase"]
[PlyCount "54"]
[EventDate "2023.10.22"]
[EventType "swiss"]
[EventCountry "ITA"]
[SourceTitle "playchess.com"]
[Source "ChessBase"]
[SourceQuality "1"]
[TimeControl "40/5400+30:1800+30"]

1. d4 d5 2. c4 c6 3. cxd5 cxd5 4. Bf4 Nc6 5. Nc3 Nf6 6. e3 a6 7. Bd3 g6 8. h3 Bg7 9. Nf3 O-O 10. O-O Bf5 11. Bxf5 gxf5 12. Ne5 Rc8 13. Rc1 e6 14. Bg5 Qd6 15. Bf4 Qe7 16. Bg5 Qe8 17. Qb3 b5 18. Nxc6 Rxc6 19. Bxf6 Bxf6 20. Ne2 Rc4 21. Qd3 Qb8 22. b3 Rcc8 23. Qd2 Be7 24. Rxc8 Rxc8 25. Rc1 Bd6 26. Rxc8+ Qxc8 27. Qc1 Qa8 1/2-1/2

[Event "FIDE World Senior-50 CC 2023"]
[Site "Terrasini"]
[Date "2023.10.29"]
[Round "5.18"]
[White "Holzke, Frank"]
[Black "Lasinskas, Povilas"]
[Result "1-0"]
[ECO "E16"]
[WhiteElo "2473"]
[BlackElo "2143"]
[Annotator "RC"]
[PlyCount "73"]
[EventDate "2023.10.22"]
[EventType "swiss"]
[EventCountry "ITA"]
[SourceTitle "playchess.com"]
[Source "ChessBase"]
[SourceQuality "1"]
[TimeControl "40/5400+30:1800+30"]

1. Nf3 Nf6 2. c4 e6 3. d4 Bb4+ 4. Bd2 a5 5. g3 b6 6. Bg2 Bb7 7. O-O Bxd2 8. Qxd2 O-O 9. Nc3 d6 10. Qd3 Nbd7 11. Rfd1 Qe7 12. e4 e5 13. Nd5 Bxd5 14. cxd5 exd4 15. Nxd4 Nc5 16. Qc2 Rfe8 17. Re1 Nfd7 18. f4 Qf6 19. Rad1 Qg6 20. b3 Nf6 21. e5 Qxc2 22. Nxc2 dxe5 23. fxe5 Ng4 24. d6 Rad8 25. Bc6 Rf8 26. dxc7 Rc8 27. Bd7 Nxd7 28. Rxd7 Rfe8 29. Nd4 Nxe5 30. Rxe5 Rxe5 31. Rd8+ Re8 32. Rxe8+ Rxe8 33. Nf5 Kf8 34. Nd6 Ra8 35. c8=Q+ Rxc8 36. Nxc8 b5 37. Kf2 1-0

[Event "FIDE World Senior-50 CC 2023"]
[Site "Terrasini"]
[Date "2023.10.29"]
[Round "5.19"]
[White "Maier, Christian"]
[Black "Steadman, Michael V R"]
[Result "1-0"]
[ECO "C01"]
[WhiteElo "2278"]
[BlackElo "2114"]
[Annotator "ChessBase"]
[PlyCount "67"]
[EventDate "2023.10.22"]
[EventType "swiss"]
[EventCountry "ITA"]
[SourceTitle "playchess.com"]
[Source "ChessBase"]
[SourceQuality "1"]
[TimeControl "40/5400+30:1800+30"]

1. e4 e6 2. d4 d5 3. Nc3 Bb4 4. exd5 exd5 5. Bd3 Nc6 6. a3 Bxc3+ 7. bxc3 Nge7 8. Qf3 Be6 9. Ne2 Qd7 10. Ng3 O-O-O 11. h3 f6 12. a4 Ng6 13. O-O Nh4 14. Qh5 g5 15. f4 h6 16. Bd2 Rde8 17. Rae1 Kb8 18. f5 Bf7 19. Rxe8+ Bxe8 20. Qe2 Qc8 21. Nh5 Bxh5 22. Qxh5 Ne7 23. Qf7 Nhxf5 24. Qxf6 Rf8 25. Qe5 Nc6 26. Qxd5 Nd6 27. Rxf8 Qxf8 28. Qe6 a6 29. d5 Na5 30. Qg4 Qe8 31. Qb4 b6 32. Bxa6 Qe5 33. Qd4 Qxd4+ 34. cxd4 1-0

[Event "FIDE World Senior-50 CC 2023"]
[Site "Terrasini"]
[Date "2023.10.30"]
[Round "6.1"]
[White "Adams, Michael"]
[Black "Atalik, Suat"]
[Result "1/2-1/2"]
[ECO "C50"]
[WhiteElo "2670"]
[BlackElo "2427"]
[Annotator "TA"]
[PlyCount "67"]
[EventDate "2023.10.22"]
[EventType "swiss"]
[EventCountry "ITA"]
[SourceTitle "playchess.com"]
[Source "ChessBase"]
[SourceQuality "1"]
[TimeControl "40/5400+30:1800+30"]

1. e4 e5 2. Nf3 Nc6 3. Bc4 Bc5 4. d3 Nf6 5. a4 d6 6. O-O h6 {[%emt 0:04:36] C50: Hungarian Defence and Giuoco Pianissimo.} 7. a5 {[%emt 0:03:14] Recently 7.Be3 got a lot of attention.} a6 8. Be3 Bxe3 9. fxe3 Be6 10. Bxe6 fxe6 11. Nbd2 O-O 12. c3 Qd7 {[%emt 0:01:46] [#]} 13. Qb3 $146 ({Predecessor:} 13. Nc4 Rab8 14. Qc2 Qe7 15. b4 Nh7 16. Qb3 Ng5 17. Ncd2 Nxf3+ 18. Nxf3 Nd8 19. b5 axb5 20. Qxb5 {½-½ Gumularz,S (2591)-Zou,C (2413) Teplice op 2023 (4)}) 13... Kh8 14. h3 (14. Qxb7 $2 {too greedy.} Rfb8 $19) 14... Rab8 15. Rf2 d5 16. Qc2 Rfd8 17. d4 exd4 18. exd4 dxe4 19. Nxe4 Nxe4 20. Qxe4 Rf8 21. Raf1 {[%emt 0:08:32] [#] Hoping for Ne5. White is more active.} Kg8 $1 22. b4 Qd5 23. Re1 Rf6 24. Rfe2 Qxe4 25. Rxe4 Kf7 26. Nd2 b6 27. axb6 cxb6 28. R4e2 Rd8 29. Nc4 (29. Ra1 $16) 29... b5 $14 30. Ne5+ Nxe5 {[%emt 0:00:07] The position is equal.} 31. Rxe5 Rd5 32. h4 Rxe5 33. Rxe5 Ke7 34. Rc5 {[%emt 0:05:06] Weighted Error Value: White=0.07 (flawless) /Black=0.05 (flawless)} 1/2-1/2

[Event "FIDE World Senior-50 CC 2023"]
[Site "Terrasini"]
[Date "2023.10.30"]
[Round "6.2"]
[White "Morovic Fernandez, Ivan"]
[Black "Sturua, Zurab"]
[Result "1/2-1/2"]
[ECO "C78"]
[WhiteElo "2488"]
[BlackElo "2514"]
[Annotator "RC"]
[PlyCount "47"]
[EventDate "2023.10.22"]
[EventType "swiss"]
[EventCountry "ITA"]
[SourceTitle "playchess.com"]
[Source "ChessBase"]
[SourceQuality "1"]
[TimeControl "40/5400+30:1800+30"]

1. e4 e5 2. Nf3 Nc6 3. Bb5 a6 4. Ba4 Nf6 5. O-O b5 6. Bb3 Bc5 7. c3 d6 8. d4 Bb6 9. Be3 O-O 10. Nbd2 Bb7 11. dxe5 dxe5 12. Qe2 Qe7 13. Rfd1 Na5 14. Bc2 Bxe3 15. Qxe3 c5 16. a4 b4 17. cxb4 cxb4 18. Rac1 Rac8 19. Bd3 Nd7 20. Nc4 Nb3 21. Rb1 Nbc5 22. Bc2 b3 23. Bxb3 Bxe4 24. Rbc1 1/2-1/2

[Event "FIDE World Senior-50 CC 2023"]
[Site "Terrasini"]
[Date "2023.10.30"]
[Round "6.3"]
[White "Bischoff, Klaus"]
[Black "Stefansson, Hannes"]
[Result "1/2-1/2"]
[ECO "A28"]
[WhiteElo "2473"]
[BlackElo "2529"]
[Annotator "RC"]
[PlyCount "47"]
[EventDate "2023.10.22"]
[EventType "swiss"]
[EventCountry "ITA"]
[SourceTitle "playchess.com"]
[Source "ChessBase"]
[SourceQuality "1"]
[TimeControl "40/5400+30:1800+30"]

1. c4 e5 2. Nc3 Nf6 3. Nf3 Nc6 4. d3 d5 5. cxd5 Nxd5 6. e3 Be7 7. Be2 O-O 8. a3 Be6 9. Qc2 f5 10. O-O a5 11. Rd1 Kh8 12. Bd2 Nb6 13. b3 Qe8 14. Be1 Qf7 15. Nd2 f4 16. Bf3 Bg5 17. Bxc6 bxc6 18. exf4 Bxf4 19. Nce4 Bd5 20. f3 a4 21. bxa4 Rxa4 22. Bf2 Rfa8 23. Qc3 Nd7 24. Nc4 1/2-1/2

[Event "FIDE World Senior-50 CC 2023"]
[Site "Terrasini"]
[Date "2023.10.30"]
[Round "6.4"]
[White "Minasian, Artashes"]
[Black "Degraeve, Jean-Marc"]
[Result "1-0"]
[ECO "A26"]
[WhiteElo "2462"]
[BlackElo "2479"]
[Annotator "RC"]
[PlyCount "57"]
[EventDate "2023.10.22"]
[EventType "swiss"]
[EventCountry "ITA"]
[SourceTitle "playchess.com"]
[Source "ChessBase"]
[SourceQuality "1"]
[TimeControl "40/5400+30:1800+30"]

1. Nf3 Nf6 2. g3 g6 3. Bg2 Bg7 4. O-O O-O 5. d3 d6 6. c4 e5 7. Nc3 Nc6 8. Rb1 a5 9. a3 Re8 10. Bg5 h6 11. Bxf6 Bxf6 12. b4 axb4 13. axb4 Bg7 14. b5 Nd4 15. Nxd4 exd4 16. Nd5 Ra2 17. Re1 Bd7 18. Nb4 Ra7 19. b6 cxb6 20. Nd5 b5 21. cxb5 b6 22. Nb4 Re5 23. Nc6 Bxc6 24. bxc6 Rc5 25. Qb3 d5 26. Rec1 Raa5 27. Bxd5 Rxc1+ 28. Rxc1 Ra7 29. Rb1 1-0

[Event "FIDE World Senior-50 CC 2023"]
[Site "Terrasini"]
[Date "2023.10.30"]
[Round "6.5"]
[White "Dlugy, Maxim"]
[Black "Lima, Darcy"]
[Result "1/2-1/2"]
[ECO "A45"]
[WhiteElo "2520"]
[BlackElo "2416"]
[Annotator "RC"]
[PlyCount "55"]
[EventDate "2023.10.22"]
[EventType "swiss"]
[EventCountry "ITA"]
[SourceTitle "playchess.com"]
[Source "ChessBase"]
[SourceQuality "1"]
[TimeControl "40/5400+30:1800+30"]

1. d4 Nf6 2. Bf4 g6 3. Nc3 d5 4. e3 Bg7 5. Nb5 Na6 6. h3 O-O 7. Nf3 Ne4 8. Nd2 c6 9. Nxe4 dxe4 10. Nc3 c5 11. Nxe4 cxd4 12. exd4 Nb4 13. c3 Bf5 14. Qe2 Nd5 15. Be5 Bxe5 16. dxe5 Qa5 17. Nd2 Nxc3 18. bxc3 Qxc3 19. Rd1 Bc2 20. Rc1 Rfd8 21. Qe3 Qb2 22. Nc4 Qb4+ 23. Nd2 Qb2 24. Nc4 Qb4+ 25. Nd2 Rac8 26. a3 Qa5 27. Be2 Rc3 28. Bf1 1/2-1/2

[Event "FIDE World Senior-50 CC 2023"]
[Site "Terrasini"]
[Date "2023.10.30"]
[Round "6.6"]
[White "Mussanti, Diego"]
[Black "Matamoros Franco, Carlos S."]
[Result "1/2-1/2"]
[ECO "B11"]
[WhiteElo "2183"]
[BlackElo "2455"]
[Annotator "RC"]
[PlyCount "80"]
[EventDate "2023.10.22"]
[EventType "swiss"]
[EventCountry "ITA"]
[SourceTitle "playchess.com"]
[Source "ChessBase"]
[SourceQuality "1"]
[TimeControl "40/5400+30:1800+30"]

1. e4 c6 2. Nc3 d5 3. Nf3 dxe4 4. Nxe4 Nf6 5. Nxf6+ exf6 6. Bc4 Bd6 7. Qe2+ Qe7 8. Qxe7+ Kxe7 9. O-O Rd8 10. Re1+ Kf8 11. h3 a5 12. a4 Na6 13. c3 Nc5 14. d4 Nxa4 15. Bd3 Nb6 16. Bxh7 Nd5 17. Nh4 Ne7 18. Bc2 Be6 19. Nf3 b5 20. Nd2 f5 21. Nf3 Bd5 22. Ne5 c5 23. dxc5 Bxc5 24. Nd3 Bb6 25. Be3 Bxe3 26. Rxe3 Be4 27. Ne1 Rd2 28. Bxe4 fxe4 29. b4 Nd5 30. Rxe4 Nxc3 31. Rh4 Kg8 32. bxa5 Ra2 33. Rxa2 Nxa2 34. Nd3 Rxa5 35. Rd4 Ra4 36. Rd8+ Kh7 37. Rb8 Rd4 38. Ne5 f6 39. Nc6 Rd1+ 40. Kh2 Rd2 1/2-1/2

[Event "FIDE World Senior-50 CC 2023"]
[Site "Terrasini"]
[Date "2023.10.30"]
[Round "6.7"]
[White "Godena, Michele"]
[Black "Vlassov, Nikolai"]
[Result "1/2-1/2"]
[ECO "B53"]
[WhiteElo "2441"]
[BlackElo "2283"]
[Annotator "RC"]
[PlyCount "75"]
[EventDate "2023.10.22"]
[EventType "swiss"]
[EventCountry "ITA"]
[SourceTitle "playchess.com"]
[Source "ChessBase"]
[SourceQuality "1"]
[TimeControl "40/5400+30:1800+30"]

1. e4 c5 2. Nf3 d6 3. d4 cxd4 4. Qxd4 Nc6 5. Bb5 a6 6. Bxc6+ bxc6 7. O-O e5 8. Qa4 Qc7 9. c4 Ne7 10. c5 dxc5 11. Be3 Ng6 12. Nbd2 Rb8 13. Qc2 Be7 14. Bxc5 O-O 15. b3 Nf4 16. Bxe7 Qxe7 17. Nc4 f6 18. Ne3 Qf7 19. Rfd1 Qh5 20. Ne1 Ne2+ 21. Kh1 Nd4 22. Qc4+ Qf7 23. Qxf7+ Kxf7 24. Rac1 a5 25. Nd3 a4 26. bxa4 Be6 27. f4 Bxa2 28. fxe5 Bb3 29. Rd2 Bxa4 30. Nc5 Nb3 31. e6+ Kg6 32. Nxb3 Bxb3 33. e7 Rfe8 34. Nf5 Be6 35. g4 Bxf5 36. gxf5+ Kf7 37. Rxc6 Rxe7 38. Rc4 1/2-1/2

[Event "FIDE World Senior-50 CC 2023"]
[Site "Terrasini"]
[Date "2023.10.30"]
[Round "6.8"]
[White "Novik, Maxim"]
[Black "Prasad, Devaki V"]
[Result "1-0"]
[ECO "B92"]
[WhiteElo "2375"]
[BlackElo "2200"]
[Annotator "RC"]
[PlyCount "71"]
[EventDate "2023.10.22"]
[EventType "swiss"]
[EventCountry "ITA"]
[SourceTitle "playchess.com"]
[Source "ChessBase"]
[SourceQuality "1"]
[TimeControl "40/5400+30:1800+30"]

1. e4 c5 2. Nf3 d6 3. d4 cxd4 4. Nxd4 Nf6 5. Nc3 a6 6. a4 e5 7. Nb3 Be7 8. Be2 O-O 9. O-O Nc6 10. Be3 Be6 11. Bf3 Nb4 12. a5 Rc8 13. Bb6 Qd7 14. Re1 Bd8 15. Be3 Be7 16. Bb6 Bd8 17. Ba7 Nc6 18. Be3 Nb4 19. Re2 Be7 20. Rd2 h6 21. Nc5 Qc7 22. Nxe6 fxe6 23. Bb6 Qd7 24. Na4 Qe8 25. Be3 d5 26. c3 dxe4 27. Bg4 Nxg4 28. Qxg4 Nc6 29. Nb6 Rc7 30. Qxe6+ Qf7 31. Qg4 h5 32. Qxe4 Bd8 33. b4 Re8 34. Rad1 Bf6 35. h3 Ne7 36. Rd7 1-0

[Event "FIDE World Senior-50 CC 2023"]
[Site "Terrasini"]
[Date "2023.10.30"]
[Round "6.9"]
[White "Vinter-Schou, Uffe"]
[Black "Mrva, Martin"]
[Result "1-0"]
[ECO "A04"]
[WhiteElo "2345"]
[BlackElo "2366"]
[Annotator "RC"]
[PlyCount "73"]
[EventDate "2023.10.22"]
[EventType "swiss"]
[EventCountry "ITA"]
[SourceTitle "playchess.com"]
[Source "ChessBase"]
[SourceQuality "1"]
[TimeControl "40/5400+30:1800+30"]

1. Nf3 d6 2. g3 c5 3. d4 cxd4 4. Nxd4 Bd7 5. Bg2 Nc6 6. O-O g6 7. c4 Bg7 8. Nc2 Qc8 9. Qd2 Bh3 10. Nc3 h5 11. f3 Bxg2 12. Kxg2 h4 13. g4 h3+ 14. Kh1 Ne5 15. b3 b5 16. Nxb5 Nf6 17. g5 Nfd7 18. Ba3 Kf8 19. Rad1 Kg8 20. Ne3 Nb6 21. Rc1 Qb7 22. Nd5 Rh5 23. Nbc7 Nxd5 24. Nxa8 Ne3 25. Qxe3 Qxa8 26. c5 d5 27. Bb2 f6 28. Bxe5 fxe5 29. c6 d4 30. Qe4 Rxg5 31. Rg1 Rg2 32. Rxg2 hxg2+ 33. Kxg2 Kf7 34. c7 Qc8 35. Qd5+ Kf6 36. Rc6+ Kg5 37. Qd8 1-0

[Event "FIDE World Senior-50 CC 2023"]
[Site "Terrasini"]
[Date "2023.10.30"]
[Round "6.10"]
[White "Chinchilla Miranda, Eugenio"]
[Black "Holzke, Frank"]
[Result "0-1"]
[ECO "A40"]
[WhiteElo "2179"]
[BlackElo "2473"]
[Annotator "RC"]
[PlyCount "74"]
[EventDate "2023.10.22"]
[EventType "swiss"]
[EventCountry "ITA"]
[SourceTitle "playchess.com"]
[Source "ChessBase"]
[SourceQuality "1"]
[TimeControl "40/5400+30:1800+30"]

1. d4 e6 2. c4 b6 3. e4 Bb7 4. Bd3 Nc6 5. Nf3 Nb4 6. O-O Nxd3 7. Qxd3 d6 8. Nc3 Be7 9. Re1 Nf6 10. d5 e5 11. c5 dxc5 12. Nxe5 O-O 13. Rd1 Bd6 14. Nc4 Ba6 15. f4 b5 16. Na5 c4 17. Qf3 b4 18. Ne2 Bc5+ 19. Kh1 Qd7 20. Nc6 Rae8 21. Ng3 Ng4 22. Nd4 f5 23. h3 Nf6 24. Ndxf5 c6 25. d6 Kh8 26. Be3 Bxe3 27. Nxe3 c5 28. Ng4 Nxg4 29. hxg4 Re6 30. f5 Rxd6 31. e5 Rd3 32. Rxd3 cxd3 33. e6 Qd6 34. Ne4 Qe5 35. Rd1 Bb7 36. Rxd3 Qxe4 37. Re3 Qb1+ 0-1

[Event "FIDE World Senior-50 CC 2023"]
[Site "Terrasini"]
[Date "2023.10.30"]
[Round "6.11"]
[White "Stets, Vasyl"]
[Black "Mohr, Georg"]
[Result "1-0"]
[ECO "B06"]
[WhiteElo "2169"]
[BlackElo "2430"]
[Annotator "RC"]
[PlyCount "53"]
[EventDate "2023.10.22"]
[EventType "swiss"]
[EventCountry "ITA"]
[SourceTitle "playchess.com"]
[Source "ChessBase"]
[SourceQuality "1"]
[TimeControl "40/5400+30:1800+30"]

1. d4 d6 2. Nf3 g6 3. e4 Bg7 4. Nc3 a6 5. Be3 b5 6. Qd2 Bb7 7. a4 b4 8. Nd5 a5 9. Bd3 e6 10. Nf4 Nf6 11. e5 Ng4 12. O-O-O O-O 13. h4 dxe5 14. dxe5 Nd7 15. Bxg6 Ndxe5 16. Qxd8 Rfxd8 17. Nxe5 Bxe5 18. Bh5 Nxf2 19. Rxd8+ Rxd8 20. Rf1 Ne4 21. Nd3 Bf6 22. Nc5 Nxc5 23. Rxf6 Nxa4 24. Rxf7 Rd5 25. Bh6 Rf5 26. Rg7+ Kf8 27. Rd7+ 1-0